 Dungeon Crawl Stone Soup version 0.19-a0-1168-g98094fc (webtiles) character file.

54 Ijustatesigmund the Skirmisher (level 3, 0/29 HPs)
             Began as a Demonspawn Fighter on Aug 15, 2016.
             Slain by Grinder (6 damage)
             ... while paralysed by Grinder
             ... on level 3 of the Dungeon.
             The game lasted 00:03:38 (1809 turns).

Ijustatesigmund the Skirmisher (Demonspawn Fighter) Turns: 1809, Time: 00:03:38

Health: 0/29       AC:  6    Str: 19    XL:     3   Next: 66%
Magic:  3/3        EV:  2    Int:  9    God:
Gold:   145        SH:  0    Dex: 13    Spells: 0 memorised, 2 levels left

rFire  . . .     SeeInvis .     a - +0 flail
rCold  . . .     Gourm    .     b - +0 scale mail
rNeg   . . .     Faith    .     c - +0 shield
rPois  .         Spirit   .     (no helmet)
rElec  .         Dismiss  .     (no cloak)
rCorr  .         Reflect  .     (no gloves)
MR     .....     Harm     .     (no boots)
Stlth  ..........               (no amulet)
                                (no ring)
                                i - +3 ring of strength

@: paralysed
A: claws 1, powered by death 1
a: no special abilities


You were on level 3 of the Dungeon.
You were not hungry.

You visited 1 branch of the dungeon, and saw 4 of its levels.

You collected 145 gold pieces.

Inventory:

Hand Weapons
 a - a +0 flail (weapon)
Armour
 b - a +0 scale mail (worn)
 c - a +0 shield (worn)
Jewellery
 i - a +3 ring of strength (left claw)
Scrolls
 e - 6 scrolls of identify
 h - 3 scrolls of amnesia
 j - a scroll of teleportation
 m - a scroll of random uselessness
 n - a scroll of remove curse
Comestibles
 f - a bread ration
 g - 2 meat rations
 k - a slice of pizza
 l - a beef jerky


   Skills:
 + Level 3.5 Fighting
 * Level 2.7 Maces & Flails
 - Level 2.6 Armour
 - Level 1.4 Dodging
 - Level 2.6 Shields


You had 2 spell levels left.
You didn't know any spells.

Dungeon Overview and Level Annotations

Branches:
Dungeon (4/15)
 Temple: D:4-7

Altars:
Dithmenos
Qazlal

Annotations:
D:3 Grinder; Purgy
D:4 Ijustatesigmund's ghost, amateur DsFi


Innate Abilities, Weirdness & Mutations

You have sharp fingernails.
You regenerate a little health from kills.


Message History

Grinder is moderately wounded.
You block Grinder's attack. Grinder hits you.
You closely miss Grinder.
Grinder is moderately wounded.
Grinder gestures at you. Pain shoots through your body!
* * * LOW HITPOINT WARNING * * *
You closely miss Grinder.
Grinder is moderately wounded.
Grinder hits you but does no damage.
You feel better. Grinder hits you but does no damage.
You sock Grinder!
Grinder is heavily wounded.
Grinder gestures at you.
You suddenly lose the ability to move!
Grinder barely misses you.
Grinder says, "My boss said I was rubbish.
His entrails said otherwise."
Grinder hits you.
You writhe in agony.
* * * LOW HITPOINT WARNING * * *
Grinder hits you.
You die...

### ..# #.# #
#.# #..######.#
#...5@....#
#...#####.# #.#
#.###########
..
##...........#
#. #
#....>.......#
.
#...#######..#
# #.#.# #..#
#.#.# #..#
..(.#######..##


You could see Grinder.

Vanquished Creatures
  An adder (D:2)
  A worm (D:2)
  3 dart slugs
  2 giant geckos
  A bat (D:1)
  3 giant cockroaches
  5 hobgoblins (D:1)
  2 jackals (D:1)
  A quokka (D:2)
  3 giant newts
  4 kobolds
  10 rats
36 creatures vanquished.

Notes
Turn   | Place    | Note
-------+----------+-------------------------------------------
     0 | D:1      | Ijustatesigmund the Demonspawn Fighter began the quest for the Orb.
     0 | D:1      | Reached XP level 1. HP: 18/18 MP: 1/1
   305 | D:1      | Gained mutation: You have sharp fingernails. [demonic ancestry]
   305 | D:1      | Reached XP level 2. HP: 23/24 MP: 2/2
   724 | D:1      | Reached skill level 1 in Dodging
   902 | D:2      | Gained mutation: You regenerate a little health from kills. [demonic ancestry]
   902 | D:2      | Reached XP level 3. HP: 22/29 MP: 3/3
   995 | D:2      | Found a shadowy altar of Dithmenos.
  1296 | D:2      | Found a stormy altar of Qazlal.
  1581 | D:3      | Noticed Purgy
  1623 | D:4      | Noticed a phantom
  1629 | D:4      | Noticed Ijustatesigmund's ghost (amateur DsFi)
  1789 | D:3      | Noticed Grinder
  1794 | D:3      | Paralysed by Grinder for 7 turns
  1807 | D:3      | Paralysed by Grinder for 7 turns
  1809 | D:3      | Slain by Grinder

Vault maps used:
D:1:      lemuel_arrival_cross, hangedman_decor_push, minmay_pentomino_o4
D:2:      nicolae_dithmenos_shadow_blocks, nicolae_qazlal_general_emergency
D:3:      first_bread, uniq_grinder, uniq_purgy, uniq_natasha, uniq_sigmund
D:4:      nicolae_tso_besieged_by_evil, uniq_blork_the_orc

Skill      XL: |  1  2 |
---------------+-------+-----
Maces & Flails | 2 |  2.7
Dodging        | 1 |  1.4
Fighting       | |  3.5
Armour         | |  2.6
Shields        | |  2.6

Action                   || total
-------------------------++-------
Melee: Flail             ||   137
  Use: Scroll            ||     8
       Potion            ||     3
  Eat: Chunk             ||     3
Armor: Scale mail        ||    69
Dodge: Dodged            ||    63
Block: Shield            ||    81
